 Dungeon Crawl Stone Soup version 0.30-a0-1112-gfb780f5df6 (webtiles) character file.

Game seed: 12620986526775434798

25 pajopajo the Ruffian (level 2, -2/23 HPs)
             Began as a Draconian Transmuter on Apr 19, 2023.
             Slain by a rat (3 damage)
             ... on level 2 of the Dungeon on Apr 20, 2023.
             The game lasted 00:31:21 (1294 turns).

pajopajo the Ruffian (Draconian Transmuter)         Turns: 1294, Time: 00:31:22

Health: -2/23      AC:  4    Str: 12    XL:     2   Next: 86%
Magic:  5/5        EV: 12    Int: 13    God:
Gold:   49         SH:  0    Dex: 11    Spells: 4/5 levels left

rFire   . . .      SeeInvis .    j - +2 dagger (freeze)
rCold   . . .      Faith    .    (no shield)
rNeg    . . .      Spirit   .    (body armour unavailable)
rPois   .          Reflect  .    (helmet restricted)
rElec   .          Rampage  .    (no cloak)
rCorr   .                        (no gloves)
Will    .....                    (no boots)
Stlth   +                        (no amulet)
HPRegen 0.23/turn                (no ring)
MPRegen 0.09/turn                (no ring)

@: mighty, lethally poisoned (-2 -> -20)
A: AC +4, unfitting armour, cold-blooded
a: no special abilities


You were on level 2 of the Dungeon.
You visited 1 branch of the dungeon, and saw 2 of its levels.

You collected 49 gold pieces.

Inventory:

Hand Weapons
 a - a +0 dagger
 b - a +0 spear {Attack}
 c - a +0 short sword
 d - a +0 dagger
 e - a +0 short sword of venom
 f - a +0 dagger
 j - a +2 dagger of freezing (weapon)
 k - a +0 great sword
 l - a +0 short sword
Scrolls
 g - a scroll of vulnerability {unknown}
 o - a scroll of fear {unknown}
Potions
 h - a potion of invisibility {unknown}
 i - a potion of might
 m - a potion of haste {unknown}
 n - a potion of resistance {unknown}


   Skills:
 + Level 1.1 Fighting
 + Level 0.5 Polearms
 + Level 2.1 Dodging
 + Level 3.5 Unarmed Combat
 + Level 2.1 Spellcasting
 + Level 2.2 Transmutations


You had 4 spell levels left.
You knew the following spells:

 Your Spells              Type           Power      Damage    Failure   Level
a - Beastly Appendage     Tmut           14%        N/A       10%         1

Your spell library contained the following spells:

 Spells                   Type           Power      Damage    Failure   Level
 Wereblood                Tmut           7%         N/A       16%         2
 Summon Small Mammal      Summ           4%         N/A       26%         1
 Spider Form              Tmut/Pois      4%         N/A       43%         3
 Call Canine Familiar     Summ           1%         N/A       58%         3
 Summon Guardian Golem    Hex/Summ       1%         N/A       58%         3
 Ice Form                 Ice/Tmut       4%         N/A       85%         4


Dungeon Overview and Level Annotations

Branches:
Dungeon (2/15)

Altars:


Innate Abilities, Weirdness & Mutations

Your plain brown scales are hard. (AC +4)
You cannot fit into any form of body armour.
You are cold-blooded and may be slowed by cold attacks.


Message History

You closely miss the adder. The adder bites you.
You are poisoned.
The adder poisons you!
You hit the adder but do no damage.
You feel sick. The adder closely misses you. The rat bites you.
You hit the adder but do no damage.
Your tail-slap misses the adder.
You feel sick. The adder bites you but does no damage. The adder bites you.
You are more poisoned.
The adder poisons you! The rat closely misses you.
You hit the adder.
The adder seems to slow down.
You freeze the adder.
The adder is moderately wounded.
You feel sick. The adder bites you but does no damage.
The adder barely misses you.
The rat bites you but does no damage. x2
The adder misses you.
You barely miss the adder.
The adder is moderately wounded.
You feel sick.
The adder barely misses you. x2; The rat closely misses you.
The rat barely misses you.
You miss the adder.
The adder is moderately wounded.
You feel sick. The adder misses you. The adder closely misses you.
The rat closely misses you. x2
You closely miss the adder.
Your tail-slap misses the adder.
The adder is moderately wounded.
You feel sick. The adder bites you.
You are lethally poisoned!
The adder poisons you! The adder bites you.
* * * LOW HITPOINT WARNING * * *
You are more poisoned.
The adder poisons you!
The rat bites you but does no damage. x2
It was a potion of might.
You feel very mighty all of a sudden.
* * * LOW HITPOINT WARNING * * *
You feel very sick. The adder bites you.
* * * LOW HITPOINT WARNING * * *
You are more poisoned.
The adder poisons you! The adder bites you but does no damage.
The adder misses you. The rat bites you.
You die...

#..# ##..#### ###
......# #...
#..##.###.#### #
##..#.........
#.#...#.#.#...#
#....r#.......#
#...@S........#
#.....r.S.......######.
##.#.....#.............
#.......w.<...........
#...#...........#.#...
#.?.######.###...... .
#.. ...< #####.#.. #..
###..# ... #... .S


You could see a worm, 2 adders and 2 rats.

Vanquished Creatures
  4 endoplasms (D:1)
  A goblin (D:1)
  A hobgoblin (D:1)
  7 kobolds (D:1)
  2 quokkas (D:1)
  2 ball pythons (D:1)
  A bat (D:1)
  A frilled lizard (D:1)
  4 rats (D:1)
  4 bushes (D:1)
27 creatures vanquished.

Vanquished Creatures (others)
  10 plants (D:1)
10 creatures vanquished.

Grand Total: 37 creatures vanquished

Notes
Turn   | Place    | Note
-------+----------+-------------------------------------------
     0 | D:1      | pajopajo the Draconian Transmuter began the quest for the
                  | Orb.
     0 | D:1      | Reached XP level 1. HP: 16/16 MP: 3/3
   520 | D:1      | Reached XP level 2. HP: 23/23 MP: 5/5
  1294 | D:2      | HP: 1/23 [adder (2)]
  1294 | D:2      | Slain by a rat

Illustrated notes

Levels and vault maps discovered:
D:1:      dpeg_arrival_houses_and_road, layout_rooms,
          hangedman_decor_peaks_small, lexackson_kobold_supper
D:2:      cheibrodos_helix_gallery, layout_loops_ring, uniq_jessica,
          uniq_natasha, uniq_sigmund, uniq_crazy_yiuf_cottage

Skill      XL: |  1 |
---------------+----+-----
Dodging        | 2 |  2.1
Fighting       | |  1.1
Polearms       | |  0.5
Unarmed Combat | |  3.5
Spellcasting   | |  2.1
Transmutations | |  2.2

Action                     || total
---------------------------++-------
  Melee: Spear             ||    29
         Unarmed           ||     9
         Tailslap          ||    58
         Short sword       ||   201
         Dagger            ||    16
         Punch             ||    14
   Cast: Beastly Appendage ||     1
    Use: Potion            ||     2
         Scroll            ||     1
 Armour: Skin              ||    42
  Dodge: Dodged            ||    40

Table legend: (Time is in decaauts)
 A = Elapsed time spent in this place.
 B = Non-inter-level travel time spent in this place.
 C = Inter-level travel time spent in this place.
 D = Time resting spent in this place.
 E = Time spent auto-exploring this place.
 F = Levels seen in this place.
 G = Mean time per level.
                   A        B        C        D        E       F      G
               +--------+--------+--------+--------+--------+-----+--------+
         Total |   1301 |   1301 |      0 |    100 |      0 |   2 |  650.5 |
       Dungeon |   1301 |   1301 |      0 |    100 |      0 |   2 |  650.5 |
               +--------+--------+--------+--------+--------+-----+--------+

Top non-repeatable levels by time:
     D:1: 1277 daAuts
     D:2: 23 daAuts
